Map: Cosmic Sapphire

Players

Nina - Winner!

  • Race: Protoss Protoss
  • Spawn Location: 11:00

PattyMac

  • Race: Protoss Protoss
  • Spawn Location: 5:00

Event: DreamHack SC2 Masters 2022 Atlanta (Offline)

VOD

Have the link to the VOD?

Description

Time

  • Played on: Nov. 18, 2022, 4:45 p.m.
  • Length: 12:41

All games in this series

Show
View Real Time Build Order
Export as new Build Order

Nina Protoss - Winner!

Build Orders: Blink Stalkers 

Get SALT Encoding   

  12  0:00  Probe  
  13  0:13  Probe  
  14  0:25  Probe  
  15  0:29  Pylon  
  15  0:47  Probe (Chrono Boost)  
  15  0:48  Gateway  
  17  0:58  Probe (Chrono Boost), Assimilator  
  17  0:59  Assimilator  
  17  1:03  Probe (Chrono Boost)  
  17  1:07  Gateway  
  18  1:14  Probe (Chrono Boost)  
  19  1:22  Probe (Chrono Boost)  
  20  1:28  Probe  
  21  1:35  Cybernetics Core  
  21  1:40  Probe  
  21  1:41  Pylon  
  22  1:52  Probe  
  23  2:04  Probe  
  24  2:11  Stalker  
  24  2:12  Stalker  
  24  2:13  Warp Gate  
  28  2:16  Probe  
  29  2:23  Twilight Council  
  29  2:28  Pylon  
  29  2:29  Probe  
  30  2:41  Stalker  
  31  2:46  Stalker  
  33  2:53  Gateway  
  33  3:01  Blink (Chrono Boost)  
  33  3:20  Stalker  
  35  3:27  Stalker  
  35  3:32  Pylon  
  37  3:44  Pylon  
  37  4:02  Stalker x2  
  37  4:07  Stalker  
  43  4:26  Stalker x2  
  47  4:34  Stalker  
  49  4:59  Robotics Facility  
  47  5:04  Stalker x2  
  49  5:10  Stalker  
  51  5:15  Nexus  
  51  5:22  Pylon  
  51  5:32  Stalker  
  53  5:41  Stalker  
  55  5:45  Stalker  
  57  5:53  Observer (Chrono Boost)  
  57  5:54  Probe  
  57  6:00  Adept  
  59  6:04  Adept  
  59  6:06  Probe  
  62  6:12  Pylon  
  62  6:18  Probe  
  63  6:27  Observer  
  63  6:28  Probe  
  63  6:30  Probe  
  64  6:40  Probe (Chrono Boost)  
  64  6:43  Probe (Chrono Boost)  
  64  6:46  Stalker x2  
  68  6:51  Stalker  
  68  6:52  Probe (Chrono Boost)  
  71  6:58  Probe (Chrono Boost)  
  71  6:59  Probe (Chrono Boost)  
  73  7:07  Probe  
  70  7:11  Observer, Probe  
  70  7:12  Stalker  
  73  7:17  Assimilator  
  73  7:19  Probe (Chrono Boost)  
  74  7:29  Probe (Chrono Boost)  
  75  7:35  Probe (Chrono Boost)  
  74  7:42  Probe, Stalker x2  
  74  7:43  Probe, Stalker  
  78  7:46  Pylon  
  78  7:54  Probe  
  78  7:55  Nexus  
  79  8:17  Stalker x3  
  84  8:21  Probe (Chrono Boost), Pylon  
  84  8:22  Observer, Forge, Probe (Chrono Boost)  
  84  8:26  Assimilator  
  86  8:36  Probe (Chrono Boost)  
  86  8:37  Probe (Chrono Boost)  
  87  8:41  Stalker x2  
  87  8:45  Probe (Chrono Boost)  
  87  8:46  Probe (Chrono Boost), Pylon  
  89  9:07  Stalker  
  89  9:08  Stalker x2  
  89  9:09  Protoss Ground Weapons Level 1 (Chrono Boost)  
  95  9:11  Probe x2  
  95  9:13  Charge  
  97  9:20  Gateway  
  97  9:33  Stalker x3  
  97  9:37  Shield Battery, Immortal (Chrono Boost)  
  103  9:48  Shield Battery  
  103  9:56  Stalker x3  
  103  9:59  Gateway  
  103  10:11  Immortal (Chrono Boost)  
  103  10:28  Stalker x3  
  103  10:48  Stalker  
  99  10:56  Nexus  
  99  11:00  Sentry x2  
  99  11:03  Pylon  
  101  11:05  Pylon  
  83  11:19  Stalker x2  
  83  11:22  Sentry  
  75  11:26  Sentry  
  71  11:47  Sentry  
  71  11:48  Stalker  
  71  11:52  Stalker  
  77  12:01  Dark Shrine  
  77  12:08  Stalker  
  79  12:12  Stalker  
  73  12:38  Stalker  
  73  12:39  Stalker x3  
Show
View Real Time Build Order
Export as new Build Order

PattyMac Protoss 

Build Orders: Phoenix Opening 

Get SALT Encoding   

  12  0:00  Probe  
  13  0:12  Probe  
  14  0:17  Pylon  
  14  0:24  Probe (Chrono Boost)  
  16  0:36  Probe (Chrono Boost)  
  16  0:37  Gateway  
  16  0:41  Probe (Chrono Boost)  
  16  0:45  Assimilator  
  17  0:51  Probe (Chrono Boost)  
  17  0:54  Assimilator  
  18  1:03  Probe (Chrono Boost)  
  19  1:07  Gateway  
  19  1:12  Probe (Chrono Boost)  
  19  1:18  Probe  
  20  1:24  Cybernetics Core  
  21  1:30  Probe  
  21  1:32  Pylon  
  22  1:42  Probe  
  24  1:54  Probe  
  24  1:59  Warp Gate (Chrono Boost)  
  24  2:00  Stalker x2  
  28  2:06  Probe  
  29  2:12  Pylon  
  30  2:29  Sentry (Chrono Boost)  
  31  2:48  Nexus, Pylon  
  31  2:53  Stalker  
  31  2:58  Phoenix  
  33  3:01  Stalker  
  35  3:10  Probe  
  36  3:17  Shield Battery  
  36  3:23  Twilight Council  
  36  3:25  Probe  
  37  3:32  Robotics Facility  
  36  3:47  Shield Battery  
  36  3:48  Stalker x2  
  40  4:03  Probe  
  40  4:04  Probe  
  42  4:14  Pylon  
  42  4:15  Stalker  
  42  4:16  Stalker  
  46  4:22  Immortal (Chrono Boost)  
  46  4:26  Probe  
  46  4:30  Probe  
  52  4:38  Probe  
  52  4:41  Twilight Council  
  52  4:42  Probe  
  54  4:47  Pylon  
  48  5:02  Immortal (Chrono Boost)  
  48  5:04  Shield Battery  
  52  5:07  Zealot, Sentry  
  52  5:10  Shield Battery  
  56  5:16  Probe  
  56  5:17  Probe  
  58  5:31  Phoenix  
  58  5:32  Zealot  
  58  5:34  Stalker  
  58  5:35  Immortal (Chrono Boost)  
  60  5:42  Assimilator  
  62  5:44  Pylon  
  62  5:52  Twilight Council  
  62  5:55  Stalker  
  62  6:02  Probe x2  
  62  6:04  Gateway  
  64  6:07  Observer  
  64  6:10  Pylon  
  65  6:14  Probe (Chrono Boost)  
  67  6:20  Probe (Chrono Boost)  
  67  6:24  Probe (Chrono Boost)  
  68  6:28  Probe (Chrono Boost), Gateway  
  68  6:30  Stalker x2  
  71  6:44  Gateway  
  70  6:47  Probe  
  70  6:50  Probe  
  72  7:02  Twilight Council  
  66  7:10  Probe x2  
  68  7:17  Pylon  
  68  7:18  Pylon  
  68  7:20  Immortal (Chrono Boost)  
  68  7:22  Probe x2  
  70  7:29  Pylon  
  70  7:30  Shield Battery  
  70  7:35  Stalker  
  69  7:37  Blink (Chrono Boost)  
  69  7:41  Stalker x2  
  65  7:51  Stalker x2  
  65  7:52  Observer (Chrono Boost)  
  65  7:57  Pylon  
  70  8:04  Stalker, Pylon  
  72  8:07  Pylon  
  67  8:19  Stalker x3  
  69  8:25  Assimilator  
  69  8:26  Gateway  
  69  8:33  Stalker x2  
  73  8:38  Warp Prism (Chrono Boost)  
  73  8:47  Stalker  
  76  8:57  Stalker x2  
  78  9:08  Stalker x2  
  78  9:21  Pylon  
  76  9:27  Stalker x3  
  80  9:42  Nexus  
  80  9:51  Sentry x2, Stalker  
  86  9:55  Probe  
  87  10:00  Stalker x8  
  83  10:16  Stalker  
  83  10:17  Stalker  
  76  11:00  Nexus  
  72  11:13  Observer  
  44  11:31  Stalker x3  
  40  11:40  Probe (Chrono Boost)  
  41  11:50  Probe (Chrono Boost)  
  42  11:55  Probe (Chrono Boost)  
  42  12:00  Pylon  
  43  12:06  Probe  
  44  12:18  Probe (Chrono Boost)  
  44  12:19  Probe (Chrono Boost)  
  46  12:28  Probe (Chrono Boost)  
  37  12:33  Stalker  
Tags
 
Add a new tag
Caveats
  • Supply blocks, unpowered buildings, or Contaminate may cause inaccurate times.
  • Supply counts are checked every 10 seconds.